 Dungeon Crawl Stone Soup version 0.18-a0-1014-g3bbf375 (webtiles) character file.

45 JokEr the Magician (level 3, -3/19 HPs)
             Began as a Deep Elf Wizard on Jan 6, 2016.
             Killed by nerve-wracking pain
             ... invoked by Grinder
              (6 damage)
             ... on level 3 of the Dungeon.
             The game lasted 00:06:50 (1591 turns).

JokEr the Magician (Deep Elf Wizard)                Turns: 1591, Time: 00:06:50

Health: -3/19      AC:  2    Str:  4    XL:     3   Next: 42%
Magic:  0/11       EV: 12    Int: 23    God:
Gold:   68         SH:  0    Dex: 13    Spells: 4 memorised, 3 levels left

rFire  . . .     SeeInvis .     l - +2 spear (distort)
rCold  . . .     Gourm    .     a - +0 robe
rNeg   . . .     Faith    .     (no shield)
rPois  .         Spirit   .     b - +0 hat
rElec  .         Dismiss  .     (no cloak)
rCorr  .         Reflect  .     (no gloves)
SustAt .         Harm     .     (no boots)
MR     .....                    (no amulet)
Stlth  ++........               (no ring)
                                (no ring)

@: not resistant to hostile enchantments, unstealthy
A: no striking features
a: no special abilities


You were on level 3 of the Dungeon.
You were not hungry.

You visited 1 branch of the dungeon, and saw 3 of its levels.

You collected 68 gold pieces.

Inventory:

Hand Weapons
 l - a +2 spear of distortion (weapon)
Armour
 a - a +0 robe (worn)
 b - a +0 hat (worn)
Wands
 i - a wand of flame (31/48)
Scrolls
 f - 2 scrolls of recharging
 k - a scroll of remove curse
Potions
 e - a potion of ambrosia {unknown}
 g - a potion of magic
 h - 2 potions of might {unknown}
 j - a potion of degeneration {unknown}
Books
 c - a book of Minor Magic

   Spells                             Type                      Level
   a - Magic Dart                     Conjuration                  1
   b - Blink                          Translocation                2
   c - Call Imp                       Summoning                    2
   d - Repel Missiles                 Charms/Air                   2
   e - Slow                           Hexes                        2
   f - Conjure Flame                  Conjuration/Fire             3
   g - Mephitic Cloud                 Conjuration/Poison/Air       3
Comestibles
 d - 2 bread rations
 m - 3 fruits


   Skills:
 - Level 2.4 Dodging
 - Level 2.4 Stealth
 + Level 5.4 Spellcasting
 - Level 2.3 Conjurations
   Level 1.1 Summonings
 - Level 1.1 Translocations
 + Level 0.7 Fire Magic
 + Level 0.4 Poison Magic


You had 3 spell levels left.
You knew the following spells:

 Your Spells              Type           Power        Failure   Level  Hunger
a - Magic Dart            Conj           ###.         3%          1    None
b - Conjure Flame         Conj/Fire      ##......     17%         3    ##.....
c - Mephitic Cloud        Conj/Pois/Air  ##......     21%         3    ##.....
d - Blink                 Tloc           N/A          12%         2    None


Dungeon Overview and Level Annotations

Branches:
Dungeon (3/15)

Altars:
Ashenzari
Ru

Annotations:
D:3 Grinder


Message History

Okay, then.
Casting: Mephitic Cloud
Confirm with . or Enter, or press ? or * to list all spells.
You don't have enough magic to cast that spell.
Unknown command.
Unknown command.
The giant cockroach barely misses you.
Read which item? (? for menu, Esc to quit)
Okay, then.
Casting: Mephitic Cloud
Confirm with . or Enter, or press ? or * to list all spells.
Aiming: Magic Dart
Press: ? - help, Shift-Dir - straight line, f - giant cockroach
Aim: a giant cockroach (clinging)
The magic dart hits the giant cockroach.
The giant cockroach is heavily wounded.
The giant cockroach barely misses you. Grinder gestures at you.
Pain shoots through your body!
You die...

#... #. #.#### ..#.##.
#.#####....#### .†_...
#.............# .#.#..
####..#..#. ......##
#<.........#
..###...#####..#.#.#..#
......................#
.###.#s#####..#.#.#..#
.### #@.# #.........#
.....##5# ##.#.#.#..#
........## #........#
.....##K.# #########
###. #..# # ##..# §..#
.##.. .. ..#


You could see Grinder, a giant cockroach and a kobold.

Vanquished Creatures
  An ooze (D:1)
  A ball python (D:2)
  6 giant cockroaches
  8 goblins
  2 hobgoblins (D:1)
  3 jackals (D:2)
  5 bats
  A giant newt (D:2)
  5 kobolds
  5 rats
37 creatures vanquished.

Notes
Turn   | Place    | Note
--------------------------------------------------------------
     0 | D:1      | JokEr the Deep Elf Wizard began the quest for the Orb.
     0 | D:1      | Reached XP level 1. HP: 10/10 MP: 7/7
   245 | D:1      | Reached XP level 2. HP: 15/15 MP: 2/9
   459 | D:1      | Reached skill level 5 in Spellcasting
   966 | D:2      | Reached XP level 3. HP: 19/19 MP: 7/11
   971 | D:2      | Learned a level 3 spell: Conjure Flame
   975 | D:2      | Learned a level 3 spell: Mephitic Cloud
  1198 | D:2      | Found a sacrificial altar of Ru.
  1519 | D:2      | Learned a level 2 spell: Blink
  1569 | D:3      | Found a shattered altar of Ashenzari.
  1578 | D:3      | Noticed Grinder
  1591 | D:3      | Killed from afar by Grinder

Vault maps used:
D:1:      minmay_arrival_four_houses
D:2:      nicolae_ru_the_path_less_chosen
D:3:      ashenzari_altar_1, grunt_temple_overflow_open, serial_glass,
          glass_columns_a, glass_columns_c, glass_columns_c, glass_columns_b,
          glass_columns_a, glass_columns_b, first_bread, uniq_terence,
          uniq_grinder, uniq_natasha

Action                   || total
-------------------------++-------
 Cast: Magic Dart        ||    88
       Mephitic Cloud    ||     2
       Blink             ||     1
  Use: Scroll            ||     4
  Eat: Chunk             ||     2
